 Adventure DCSS version bcrawl-1.18.1 (webtiles) character file.

Game seed: 16993592142003733883

8 polve the Cudgeler (level 2, 0/20 HPs)
             Began as a Gargoyle Berserker on Nov 2, 2019.
             Was a Believer of Trog.
             Slain by Sigmund
             ... wielding a +1 scythe of distortion
              (3 damage)
             ... on level 2 of the Dungeon.
             The game lasted 00:01:56 (2089 turns).

polve the Cudgeler (Gargoyle Berserker)             Turns: 2089, Time: 00:01:57

Health: 0/20       AC:  5    Str: 21    XL:     2   Next: 8%
Magic:  2/2        EV: 12    Int:  7    God:    Trog [**....]
Gold:   135        SH:  0    Dex: 10    Spells: 1/1 levels left
                                        Lives:  0   Deaths: 2

rFire    + . .     SeeInvis .   a - +0 mace
rCold    x . .     Gourm    .   (no shield)
rNeg     + . .     Faith    .   b - +0 animal skin
rPois    ∞         Spirit   .   (no helmet)
rElec    +         Reflect  .   (no cloak)
rCorr    .         Harm     .   (no gloves)
MR       .....                  (no boots)
Stlth    +.........             (no amulet)
HPRegen  0.06/turn              e - ring of fire
MPRegen  0.08/turn              (no ring)

@: confused
A: negative energy resistance 1, electricity resistance, unbreathing,
petrification resistance, rot immunity, AC +2
a: Berserk, Trog's Hand, Renounce Religion


You were on level 2 of the Dungeon.
You worshipped Trog.
Trog was pleased with you.
You were not hungry.

You visited 1 branch of the dungeon, and saw 2 of its levels.

You collected 135 gold pieces.

Inventory:

Hand Weapons
 a - a +0 mace (weapon)
Armour
 b - a +0 animal skin (worn)
Jewellery
 d - an uncursed amulet of rage {unknown}
 e - a ring of fire (left hand)
Scrolls
 g - 2 scrolls of teleportation {unknown}
 i - a scroll of remove curse {unknown}
 j - a scroll of identify {unknown}
Potions
 f - a potion of might {unknown}
 h - a potion of mutation {unknown}
Comestibles
 c - 3 rations {!d}


   Skills:
 + Level 3.8 Fighting
 * Level 4.0 Maces & Flails
 + Level 3.0 Armour
 - Level 1.5 Dodging


You had one spell level left.
You didn't know any spells.
Your spell library was empty.

Dungeon Overview and Level Annotations

Branches:
Dungeon (2/12)

Altars:
Gozag
Ru
The Shining One

Annotations:
D:2 Sigmund


Innate Abilities, Weirdness & Mutations

You are resistant to torment.
Your stone body is resilient. (AC +2)
You are immune to poison.
You resist negative energy. (rN+)
You are resistant to electric shocks. (rElec)
You can survive without breathing.
You are immune to petrification.
You are immune to rotting.


Message History

Sigmund is too close now for your liking.
Sigmund closely misses you. Sigmund casts a spell at you.
You resist with significant effort. Sigmund closely misses you.
Sigmund hits you from afar with a +1 scythe of distortion!
Ouch! That really hurt!
* * * LOW HITPOINT WARNING * * *
Space bends around you.
* * * LOW HITPOINT WARNING * * *
Sigmund hits you from afar with a +1 scythe of distortion.
* * * LOW HITPOINT WARNING * * *
You blink.
Sigmund casts a cantrip, but nothing happens.
Sigmund casts a spell at you.
You are confused.
Sigmund misses you. Sigmund barely misses you.
Sigmund hits you but does no damage. Space bends around you.
You die...

#......########.######## #......#
#.# #<# #......## #.# #)#
#.......#######.# #.#
#.......#...#...# #.#
#########...#..#...# #.#
#.......#....#.#...###.####
#.......#.....##........... #####
#....#....@#####...########
...(###....#...#....####.#
......'....#..#.@..#.#.#.#
.....##....#.#....#..#.#.########
.....##....##....#...#.#.##......
.....##....#####.....#.#.##.#####
.....########....#...#.#.##.#
####.# #.#....#..#.#.##.# #.#
#####..#....#.#.#.##.#


You could see Sigmund.

Vanquished Creatures
  2 oozes
  A worm (D:2)
  2 leopard geckos (D:1)
  3 giant cockroaches
  6 goblins
  7 hobgoblins
  6 kobolds
  3 quokkas (D:2)
  A ball python (D:1)
  8 bats
  A frilled lizard (D:1)
  4 rats
44 creatures vanquished.

Notes
Turn   | Place    | Note
-------+----------+-------------------------------------------
     0 | D:1      | polve the Gargoyle Berserker began the quest for the Orb.
     0 | D:1      | Reached XP level 1. HP: 14/14 MP: 1/1
   127 | D:1      | Reached XP level 2. HP: 19/19 MP: 2/2
   259 | D:1      | Reached XP level 3. HP: 22/23 MP: 3/3
   618 | D:1      | Reached ** piety under Trog
  1505 | D:2      | Found an opulent altar of Gozag.
  1510 | D:2      | Reached skill level 4 in Maces & Flails
  1510 | D:2      | Reached XP level 4. HP: 26/29 MP: 4/4
  1525 | D:2      | Found a sacrificial altar of Ru.
  1583 | D:2      | Found a glowing golden altar of the Shining One.
  1690 | D:2      | Noticed Sigmund
  1696 | D:2      | Slain by Sigmund
  1697 | D:2      | Reached XP level 3. HP: 0/36 MP: 3/3
  1991 | D:2      | Demolished by Sigmund
  1992 | D:2      | Reached XP level 2. HP: -20/20 MP: 2/2
  2089 | D:2      | Slain by Sigmund

Skill      XL: |  1  2  3 |
---------------+----------+-----
Maces & Flails | 4 |  4.0
Armour         | 3 |  3.0
Fighting       | |  3.8
Dodging        | |  1.5

Action                   |  1- 3 |  4- 6 || total
-------------------------+-------+-------++-------
Melee: Mace              |   145 |    12 ||   157
Invok: Berserk           |       |     1 ||     1
  Eat: Chunk             |     2 |     1 ||     3
Armor: Animal skin       |    68 |       ||    68
Dodge: Dodged            |   155 |     6 ||   161
